 Dungeon Crawl Stone Soup version 0.20-a0-871-g785f14b (webtiles) character file.

128 JeffiDaFish the Digger (level 5, -4/30 HPs)
             Began as a Gargoyle Earth Elementalist on Mar 14, 2017.
             Slain by Crazy Yiuf
             ... wielding a +3 quarterstaff of chaos
              (5 damage)
             ... on level 2 of the Dungeon.
             The game lasted 00:06:44 (1784 turns).

JeffiDaFish the Digger (GrEE)                       Turns: 1784, Time: 00:06:46

Health: -4/30      AC:  6    Str: 11    XL:     5   Next: 11%
Magic:  9/9        EV: 12    Int: 16    God:
Gold:   95         SH:  0    Dex: 11    Spells: 8/9 levels left

rFire    . . .     SeeInvis .   f - +1 mace
rCold    . . .     Gourm    .   c - +0 robe
rNeg     + . .     Faith    .   (no shield)
rPois    ∞         Spirit   .   (no helmet)
rElec    +         Reflect  .   (no cloak)
rCorr    .         Harm     .   (no gloves)
MR       .....                  (no boots)
Stlth    ++........             (no amulet)
Regen    0.1/turn               (no ring)
MPRegen  0.2/turn               (no ring)

@: no status effects
A: negative energy resistance 1, electricity resistance, unbreathing,
petrification resistance, rot immunity, AC +4
a: no special abilities


You were on level 2 of the Dungeon.
You were hungry.

You visited 1 branch of the dungeon, and saw 2 of its levels.

You collected 95 gold pieces.

Inventory:

Hand Weapons
 f - a +1 mace (weapon)
Armour
 c - a +0 robe (worn)
Wands
 b - a wand of random effects (36/48)
Scrolls
 i - a scroll of identify
Books
 e - a book of Geomancy

   Spells                             Type                      Level
   a - Sandblast                      Earth                        1
   b - Passwall                       Transmutation/Earth          2
   c - Stone Arrow                    Conjuration/Earth            3
   d - Petrify                        Transmutation/Earth          4
   e - Lee's Rapid Deconstruction     Earth                        5
Comestibles
 a - 5 chunks of flesh
 d - 3 bread rations
 g - a royal jelly
 h - 2 meat rations


   Skills:
 + Level 1.9 Fighting
 + Level 1.3 Maces & Flails
 + Level 1.5 Armour
 + Level 1.8 Dodging
 - Level 2.1 Stealth
 * Level 2.8 Spellcasting
   Level 0.7 Transmutations
 * Level 4.6 Earth Magic


You had 8 spell levels left.
You knew the following spells:

 Your Spells              Type           Power        Failure   Level  Hunger
a - Sandblast             Erth           ###...       3%          1    #......


Dungeon Overview and Level Annotations

Branches:
Dungeon (2/15)

Altars:

Annotations:
D:2 Crazy Yiuf


Innate Abilities, Weirdness & Mutations

You are resistant to torment.
Your stone body is resilient. (AC +4)
You are immune to poison.
You resist negative energy. (rN+)
You are resistant to electric shocks. (rElec)
You can survive without breathing.
You are immune to petrification.
You are immune to rotting.


Message History

You kill the adder!
You hit Crazy Yiuf.
Crazy Yiuf is lightly wounded.
Crazy Yiuf hits you but does no damage.
You barely miss Crazy Yiuf.
Crazy Yiuf is lightly wounded.
Crazy Yiuf hits you with a quarterstaff of chaos.
You blink.
You are too injured to fight recklessly!
You barely miss Crazy Yiuf.
Crazy Yiuf is lightly wounded.
Crazy Yiuf cries, "Island head mobile!"
Crazy Yiuf hits you but does no damage.
You thump Crazy Yiuf!
Crazy Yiuf is heavily wounded.
Crazy Yiuf hits you but does no damage.
Crazy Yiuf hits you with a quarterstaff of chaos!
* * * LOW HITPOINT WARNING * * *
Crazy Yiuf burns you.
You die...

#.......#
#.......# ##
###..##.#
..# #.###.#
#..###.# #.#
#####
.......#####
#)..#
####.......#
#...#
##)######
#...#
#####.# #@#
.....)# ♣g♣♣
...)#)##
♣♣.♣
...)...#
♣.♣♣
.......#
♣♣.♣
.......##
♣♣.♣♣
........##
♣♣...♣
......#..##
♣....♣
......##..##
#....#


You could see Crazy Yiuf.

Vanquished Creatures
  Ijyb (D:2)
  Jessica (D:2)
  A gnoll (D:1)
  An adder (D:2)
  3 worms (D:2)
  2 dart slugs
  2 leopard geckos (D:2)
  3 bats
  2 giant cockroaches (D:2)
  5 goblins
  2 hobgoblins
  6 jackals (D:1)
  8 kobolds
  2 quokkas (D:2)
  4 frilled lizards
43 creatures vanquished.

Vanquished Creatures (others)
  A bat (D:1)
1 creature vanquished.

Grand Total: 44 creatures vanquished

Notes
Turn   | Place    | Note
-------+----------+-------------------------------------------
     0 | D:1      | JeffiDaFish the Gargoyle Earth Elementalist began the quest for the Orb.
     0 | D:1      | Reached XP level 1. HP: 10/10 MP: 3/3
   199 | D:1      | Reached XP level 2. HP: 15/16 MP: 1/5
   517 | D:1      | Reached skill level 1 in Fighting
   517 | D:1      | Reached skill level 4 in Earth Magic
   517 | D:1      | Reached XP level 3. HP: 7/20 MP: 4/6
  1072 | D:2      | Noticed Ijyb
  1118 | D:2      | Killed Ijyb
  1118 | D:2      | Reached skill level 1 in Armour
  1118 | D:2      | Reached XP level 4. HP: 17/25 MP: 4/7
  1121 | D:2      | Reached skill level 1 in Maces & Flails
  1637 | D:2      | Noticed Jessica
  1645 | D:2      | Killed Jessica
  1645 | D:2      | Reached XP level 5. HP: 20/30 MP: 7/9
  1759 | D:2      | Found a runed door.
  1763 | D:2      | Noticed Crazy Yiuf
  1784 | D:2      | HP: 1/30 [Crazy Yiuf/quarterstaff of chaos (11)]
  1784 | D:2      | Slain by Crazy Yiuf

Vault maps used:
D:1:      lemuel_arrival_muddy
D:2:      overflow_temple_1_default, first_bread, uniq_crazy_yiuf_cottage,
          uniq_iyjb, uniq_jessica

Skill      XL: |  1  2  3  4 |
---------------+-------------+-----
Fighting       | 1 |  1.9
Earth Magic    | 4 |  4.6
Armour         | 1 |  1.5
Maces & Flails | 1 |  1.3
Dodging        | |  1.8
Stealth        | |  2.1
Spellcasting   | |  2.8
Transmutations | |  0.7

Action                   |  1- 3 |  4- 6 || total
-------------------------+-------+-------++-------
Melee: Unarmed           |    10 |       ||    10
       Mace              |    82 |    71 ||   153
 Cast: Sandblast         |    24 |    11 ||    35
  Use: Scroll            |     3 |     1 ||     4
       Potion            |     1 |     2 ||     3
 Stab: Sleeping          |     2 |       ||     2
  Eat: Chunk             |     1 |     2 ||     3
Armor: Robe              |    27 |    32 ||    59
Dodge: Dodged            |    69 |    51 ||   120
